 Dungeon Crawl Stone Soup version 0.14-a0-504-gf2529f3 (webtiles) character file.

2907 MackTheKnife the Spear-Bearer (level 9, 0/65 HPs)
             Began as a Demonspawn Death Knight on Oct 31, 2013.
             Was a Believer of Yredelemnul.
             Slain by an orc warrior
             ... wielding a +0,+1 orcish mace
              (6 damage)
             ... on Level 6 of the Dungeon.
             The game lasted 00:26:15 (9762 turns).

MackTheKnife the Spear-Bearer (DsDK)                Turns: 9762, Time: 00:26:16

HP   0/65        AC 11     Str 14      XL: 9   Next: 16%
MP  15/15        EV  8     Int 14      God: Yredelemnul [**....]
Gold 641         SH  0     Dex 14      Spells:  0 memorised,  8 levels left

Res.Fire  : + + .   See Invis. : .   a - +1,+3 spear
Res.Cold  : . . .   Warding    : .   x - +2 orc scale mail {rF+} (curse)
Life Prot.: . . .   Conserve   : .   (no shield)
Res.Poison: .       Res.Corr.  : .   (no helmet)
Res.Elec. : .       Clarity    : +   (no cloak)
Sust.Abil.: . .     Spirit.Shd : .   (no gloves)
Res.Mut.  : .       Stasis     : .   (no boots)
Res.Rott. : .       Flight     : .   h - amulet of clarity
Saprovore : . . .                    (no ring)
                                     (no ring)

@: slightly resistant to hostile enchantments, extremely unstealthy
A: conserve scrolls, fire resistance 1, nightstalker 1, AC +2
a: Animate Remains, Recall Undead Slaves, Injury Mirror, Renounce Religion


You were on level 6 of the Dungeon.
You worshipped Yredelemnul.
Yredelemnul was pleased with you.
You were not hungry.

You visited 2 branches of the dungeon, and saw 8 of its levels.
You also visited: Sewer and Bailey.

You collected 641 gold pieces.


Innate Abilities, Weirdness & Mutations

You are partially covered in thin metallic scales (AC +2).
You are very good at protecting items from fire.
Your flesh is heat resistant.
You are slightly more attuned to the shadows.


   Skills:
 + Level 4.5 Fighting
 - Level 9.0 Polearms
 + Level 4.0 Armour
 - Level 3.8 Dodging
 - Level 3.9 Invocations


You had 8 spell levels left.
You didn't know any spells.

Inventory:

Hand weapons
 a - a +1,+3 spear (weapon)
 d - a +0 blowgun
Missiles
 f - 9 poisoned needles
 t - 2 needles of paralysis
Armour
 q - the +1 ring mail of the Jackalope {Acc+2}
   (You found it on level 5 of the Dungeon)

   It affects your accuracy (+2).
 u - a +0 buckler
 x - a cursed +2 orcish scale mail of fire resistance (worn)
Magical devices
 s - a wand of cold (0)
 y - a wand of teleportation (2) {unknown}
Comestibles
 b - a lychee
 g - a meat ration
 i - 2 pears
 j - a bread ration
 n - a choko
 o - a lemon
Scrolls
 c - a scroll of blinking {unknown}
 m - a scroll of teleportation
 p - 6 scrolls of identify
 r - a scroll of amnesia
 w - a scroll of remove curse {unknown}
Jewellery
 e - an uncursed amulet of resist corrosion
 h - an amulet of clarity (around neck)
Potions
 l - 3 potions of curing

▒·▒ ▒·········Z··▒ ▒·▒
▒▒▒'▒▒▒▒▒▒▒▒▒▒·▒▒▒▒·▒ ▒·▒
········▒▒▒▒▒▒·▒▒▒▒·▒▒▒·▒▒▒▒▒
·)······'···················▒
))······▒▒▒▒▒··▒▒▒▒·▒▒▒·▒▒▒▒▒
▒▒▒'▒······)▒············▒
··▒·········▒··▒▒·▒·▒▒▒··▒
··▒·▒▒▒▒·▒▒·▒··▒▒o▒·▒ ▒··▒
··▒·▒ ▒·▒▒·····@>··▒▒▒··▒
··'·▒ ▒·▒▒·▒··▒·········▒
··▒·▒▒▒▒·▒▒·▒·····▒o▒▒▒▒·▒
··▒··········(······▒ ▒·▒
··▒······▒▒·▒▒·▒··▒·▒▒▒▒·▒
··▒▒▒▒▒▒·▒▒·▒▒·▒·······▒·▒
··················▒·▒▒·▒·▒
▒▒▒▒▒▒▒▒·▒▒▒▒▒····▒·▒▒·▒·▒
▒·▒ ▒···········▒▒▒▒


You could see an orc warrior and an orc.


Message History

Aim: Dowan, wielding an elven dagger and wearing an elven robe (almost dead, hasn't noticed you)
You reach to attack!
You hit Dowan but do no damage.
Dowan is almost dead.
An orc comes into view.
An orc warrior comes into view. It is wielding an orcish glaive.
Dowan points at you and mumbles some strange words.
The puff of flame misses you.
Dowan casts a spell.
Dowan is healed somewhat.
Dowan casts a spell at you. The puff of frost hits you!
There is a stone staircase leading down here.
Duvessa says, "My weaknesses are his strengths!"
The orc priest calls down the wrath of Beogh upon you.
Something smites you!
* * * LOW HITPOINT WARNING * * *
There is an open door here.
The orc priest glows brightly for a moment.
Duvessa says, "I don't care about looks, I care about technique!"
The orc priest invokes the aid of Beogh against you.
Something smites you!
* * * LOW HITPOINT WARNING * * *
There is a stone staircase leading up here.
You climb upwards.
The orc warrior hits you with an orcish mace!
* * * LOW HITPOINT WARNING * * *
There is a stone staircase leading down here.
The orc warrior hits you with an orcish mace.
You die...
Your body rises from the dead as a mindless zombie.

Action                   |  1- 3 |  4- 6 |  7- 9 || total
-------------------------+-------+-------+-------++-------
Melee: Spear             |   131 |   263 |   616 ||  1010
       Flail             |       |       |     6 ||     6
 Fire: Blowgun           |       |       |    27 ||    27
Invok: Animate Remains   |     6 |    14 |    23 ||    43
       Injury Mirror     |       |     1 |     2 ||     3
       Recall Undead Sla |       |     1 |     2 ||     3
  Use: Scroll            |     4 |     5 |     6 ||    15
       Potion            |       |     7 |     8 ||    15
 Stab: Distracted        |       |     1 |     2 ||     3
       Sleeping          |       |       |     5 ||     5
       Paralysed         |       |       |     5 ||     5

Vault maps used:
D:1:      dpeg_entry_simpleton_c, minmay_distorted
D:2:      st_stairs_14, nemelex_deck
D:3:      uniq_terence
D:4:      temple_garden, first_bread, gup_sewer_entry_spiral, tgw_trog,
          uniq_menkaure, uniq_pikel
D:6:      overflow_temple_1_default, uniq_edmund, uniq_iyjb, uniq_blork_the_orc
D:7:      orc_0_dummy, enter_bailey_2, serial_shops, shop, grunt_rat_hole,
          uniq_eustachio, uniq_duvessa
Temple:   water_room_temple_b_12
Sewer:    sewer_kobolds
Bailey:   bailey_axe_1, bailey

Notes
Turn   | Place    | Note
--------------------------------------------------------------
     0 | D:1      | MackTheKnife, the Demonspawn Death Knight, began the quest for the Orb.
     0 | D:1      | Reached XP level 1. HP: 16/16 MP: 2/2
   330 | D:1      | Reached skill level 2 in Polearms
   465 | D:1      | Gained mutation: You are very good at protecting items from fire. [demonic ancestry]
   465 | D:1      | Reached XP level 2. HP: 22/22 MP: 4/4
   734 | D:1      | Reached skill level 3 in Polearms
   865 | D:1      | Gained mutation: Your flesh is heat resistant. [demonic ancestry]
   865 | D:1      | Reached XP level 3. HP: 25/27 MP: 5/5
   960 | D:2      | Found a sparkling altar of Nemelex Xobeh.
  1143 | D:2      | Acquired Yredelemnul's second power
  1801 | D:2      | Reached XP level 4. HP: 31/34 MP: 7/7
  1999 | D:2      | Reached skill level 4 in Polearms
  2334 | D:3      | Noticed Terence
  2926 | D:3      | Killed Terence
  2926 | D:3      | Reached XP level 5. HP: 5/39 MP: 9/9
  3327 | D:4      | Noticed an angel
  3400 | D:4      | Reached skill level 5 in Polearms
  3434 | D:4      | HP: 3/39 [poisoned by an adder]
  3630 | D:4      | Noticed Menkaure
  3644 | D:4      | Killed Menkaure
  3909 | D:4      | Reached XP level 6. HP: 30/45 MP: 10/10
  3946 | D:4      | Noticed a phantom
  3957 | D:4      | Noticed Pikel
  4386 | D:4      | Found a glowing drain.
  4438 | Sewer    | Entered a sewer
  4490 | Sewer    | Reached skill level 6 in Polearms
  4759 | Sewer    | Found a white marble altar of Elyvilon.
  4923 | D:4      | Killed a phantom
  5342 | D:4      | Gained mutation: You are slightly more attuned to the shadows. [demonic ancestry]
  5342 | D:4      | Reached XP level 7. HP: 50/50 MP: 12/12
  5429 | D:4      | Reached skill level 7 in Polearms
  5478 | D:4      | Noticed a moth of wrath
  6043 | D:4      | Noticed an iron devil
  6155 | D:4      | Killed an iron devil
  6155 | D:4      | Reached skill level 8 in Polearms
  6203 | D:4      | Found a staircase to the Ecumenical Temple.
  6211 | Temple   | Entered the Ecumenical Temple
  6233 | D:4      | Noticed a slave
  6254 | D:5      | Entered Level 5 of the Dungeon
  6467 | D:5      | Gained mutation: You are partially covered in thin metallic scales (AC +2). [demonic ancestry]
  6467 | D:5      | Reached XP level 8. HP: 34/57 MP: 12/14
  6903 | D:5      | Got a smoking ring mail
  6904 | D:5      | Identified the +1 ring mail of the Jackalope {Acc+2} (You found it on level 5 of the Dungeon)
  7563 | D:6      | Reached skill level 9 in Polearms
  7685 | D:6      | Reached skill level 1 in Armour
  7685 | D:6      | Reached skill level 1 in Dodging
  7891 | D:6      | Noticed Edmund
  7961 | D:6      | Killed Edmund
  8040 | D:6      | Reached skill level 2 in Dodging
  8279 | D:6      | Reached skill level 2 in Armour
  8310 | D:6      | Reached skill level 3 in Fighting
  8332 | D:6      | Noticed Ijyb
  8382 | D:6      | Killed Ijyb
  8947 | D:7      | Found a flagged portal.
  9040 | Bailey   | Entered a bailey
  9100 | Bailey   | Reached skill level 3 in Dodging
  9255 | Bailey   | Reached skill level 3 in Armour
  9372 | Bailey   | Reached skill level 4 in Fighting
  9411 | Bailey   | Reached XP level 9. HP: 37/64 MP: 12/15
  9641 | D:7      | Found a staircase to the Orcish Mines.
  9699 | D:7      | Reached skill level 4 in Armour
  9721 | D:7      | Noticed Dowan
  9733 | D:7      | Noticed Duvessa
  9761 | D:6      | HP: 6/65 [orc warrior/orcish mace (15)]
  9762 | D:6      | Slain by an orc warrior

Vanquished Creatures
  An iron devil (D:4)
  Edmund (D:6)
  5 orc warriors (Bailey)
  A phantom (D:4)
  A sky beast (D:5)
  An ogre (D:5)
  A big kobold (Sewer)
  A giant frog (D:7)
  A crimson imp (D:6)
  A jelly (D:6)
  2 orc priests (D:4)
  3 hounds
  A giant frog skeleton (D:6)
  An iguana (D:6)
  4 orc wizards
  3 worker ants
  Ijyb (D:6)
  Terence (D:3)
  A hound skeleton (D:4)
  8 adders
  6 gnolls
  A giant mite (D:6)
  6 worms
  4 grey rats
  A giant eyeball (D:6)
  An iguana skeleton (D:6)
  5 giant geckos
  2 oozes
  10 orcs
  8 bats
  6 giant cockroaches
  16 goblins
  11 hobgoblins
  A jackal (Sewer)
  27 kobolds
  2 quokkas
  2 ball pythons
  2 giant newts
  2 giant spores (D:7)
  11 rats
  A rat skeleton (D:5)
  A rat zombie (D:6)
  A ballistomycete (D:7)
166 creatures vanquished.

Vanquished Creatures (collateral kills)
  Menkaure (D:4)
  A jelly (D:6)
  A big fish (Sewer)
  A scorpion (D:5)
  A worker ant (D:6)
  2 adders
  2 gnolls (D:6)
  A grey rat (D:4)
  An ooze (D:3)
  2 orcs (D:4)
  A kobold (D:5)
  A bat (D:4)
  2 ballistomycetes (D:7)
17 creatures vanquished.

Vanquished Creatures (others)
  A hound zombie (D:6)
  3 worker ant zombies
  A worm zombie (D:6)
  3 adder zombies (D:4)
  A bat zombie (D:2)
  3 gnoll zombies
  A giant cockroach zombie (D:3)
  2 giant gecko zombies (D:4)
  A giant mite zombie (D:6)
  2 goblin zombies
  3 hobgoblin zombies
  3 kobold zombies
  A quokka zombie (D:3)
  A rat zombie (D:1)
  A ballistomycete (D:7)
27 creatures vanquished.

Grand Total: 210 creatures vanquished
